 Dungeon Crawl Stone Soup version 0.29-a0-1047-g7c58e119a4 (webtiles) character file.

Game seed: 4578437198668152844

3754 Sobieck the Grappler (level 9, -7/87 (89) HPs)
             Began as a Troll Fighter on Aug 16, 2022.
             Was a Follower of Uskayaw.
             Mangled by an orc warrior
             ... wielding a +1 short sword of venom
              (10 damage)
             ... on level 8 of the Dungeon.
             The game lasted 00:16:30 (6598 turns).

Sobieck the Grappler (Troll Fighter)                Turns: 6598, Time: 00:16:31

HP:   -7/87 (89)    AC:  4    Str: 30    XL:     9   Next: 93%
MP:   12/12         EV:  8    Int:  4    God:    Uskayaw [*.....]
Gold: 422           SH:  8    Dex:  9    Spells: 8/8 levels left

rFire   + . .      SeeInvis .     - Unarmed
rCold   . . .      Faith    .   b - +1 kite shield
rNeg    + . .      Spirit   .   a - +0 robe
rPois   .          Reflect  .   (helmet restricted)
rElec   .          Harm     .   v - scarf {shadows}
rCorr   .          Rampage  .   (gloves unavailable)
Will    .....                   (boots unavailable)
Stlth   +.........              (no amulet)
HPRegen 1.04/turn               p - ring of protection from fire
MPRegen 0.13/turn               t - ring of positive energy

@: slowed, lightly drained, invisible, very slow
A: large, unfitting armour, claws 3, regeneration 1, shaggy fur 1, tough skin 1
a: Renounce Religion, Stomp


You were on level 8 of the Dungeon.
You worshipped Uskayaw.
Uskayaw was noncommittal.
You visited 1 branch of the dungeon, and saw 8 of its levels.

You collected 422 gold pieces.


Innate Abilities, Weirdness & Mutations

You are too large for most types of armour.
You have claws for hands.
Your natural rate of healing is unusually fast.
You are covered in fur. (AC +1)
You have tough skin. (AC +1)


   Skills:
 + Level 5.8 Fighting
 - Level 2.4 Dodging
 - Level 2.6 Shields
 * Level 11.1 Unarmed Combat
 + Level 6.0 Invocations


You had 8 spell levels left.
You didn't know any spells.
Your spell library contained the following spells:

 Spells                   Type           Power      Damage    Failure   Level
 Necrotise                Necr           0%         1d4       80%         1
 Sandblast                Erth           0%         2d4       80%         1
 Passwall                 Tmut/Erth      0%         N/A       91%         2
 Poisonous Vapours        Pois/Air       0%         N/A       91%         2
 Dazzling Flash           Conj/Hex       0%         N/A       99%         3
 Stone Arrow              Conj/Erth      0%         3d7       99%         3
 Summon Guardian Golem    Hex/Summ       0%         N/A       99%         3
 Corpse Rot               Necr/Pois/Air  0%         N/A       100%        4
 Conjure Ball Lightning   Conj/Air       0%         3x3d6     100%        6
 Orb of Destruction       Conj           0%         9d5       100%        7
 Spellforged Servitor     Conj/Summ      0%         N/A       100%        7
 Chain Lightning          Conj/Air       0%         N/A       100%        9

Inventory:

Hand Weapons
 d - a +1 short sword {short}
   (You took it off a kobold on level 1 of the Dungeon)
Missiles
 e - 63 stones {throwing}
 r - a curare-tipped dart {=fthrowing}
 x - 2 boomerangs (quivered) {throwing}
 y - 8 javelins {throwing}
Armour
 a - a +0 robe (worn)
 b - a +1 kite shield (worn)
 c - a +0 robe
   (You took it off Pikel on level 5 of the Dungeon)
 h - a +0 robe
   (You took it off a wight on level 7 of the Dungeon)
 m - a +0 robe
   (You found it on level 1 of the Dungeon)
 n - a +0 robe
   (You found it on level 3 of the Dungeon)
 v - a scarf of shadows (worn)
   (You found it on level 2 of the Dungeon)
 B - a +0 robe
   (You found it on level 3 of the Dungeon)
 D - a +0 robe
   (You took it off Sigmund on level 3 of the Dungeon)
 F - a +0 robe
   (You took it off an orc wizard on level 4 of the Dungeon)
 H - a +0 robe
   (You took it off an orc wizard on level 7 of the Dungeon)
 M - a +0 robe
   (You took it off a gnoll bouda on level 7 of the Dungeon)
 N - a +0 robe
   (You found it on level 4 of the Dungeon)
 O - a +0 robe
   (You took it off an orc wizard on level 4 of the Dungeon)
 P - a +0 robe
   (You took it off an orc wizard on level 4 of the Dungeon)
 R - a +0 robe
   (You took it off an orc wizard on level 4 of the Dungeon)
 S - a +0 robe
   (You took it off an orc wizard on level 7 of the Dungeon)
 V - a +0 robe
   (You took it off a wight on level 7 of the Dungeon)
 W - a +0 robe
   (You took it off a wight on level 7 of the Dungeon)
 X - a +0 robe
   (You took it off a wight on level 7 of the Dungeon)
 Y - a +0 robe
   (You took it off a wight on level 7 of the Dungeon)
 Z - a +0 robe
   (You took it off a wight on level 7 of the Dungeon)
Magical Staves
 o - a staff of cold {!astaff}
   (You found it on level 2 of the Dungeon)
Jewellery
 p - a ring of protection from fire (left claw)
   (You found it on level 2 of the Dungeon)
 s - an amulet of faith {!P}
   (You took it off an orc priest on level 3 of the Dungeon)
 t - a ring of positive energy (right claw)
   (You found it on level 2 of the Dungeon)
 U - an amulet of reflection
   (You found it on level 7 of the Dungeon)
Wands
 A - a wand of quicksilver (9)
   (You took it off Terence on level 3 of the Dungeon)
 E - a wand of paralysis (5)
   (You took it off Ijyb on level 4 of the Dungeon)
 Q - a wand of digging (8)
   (You took it off a goblin on level 4 of the Dungeon)
Scrolls
 f - 5 scrolls of teleportation {@r4}
 g - a scroll of immolation {!r!r}
 l - a scroll of silence {!r}
 q - 3 scrolls of vulnerability {!r!r}
 C - a scroll of enchant armour
 I - a scroll of poison {!r}
Potions
 i - 3 potions of curing {@q1}
 j - 2 potions of ambrosia
 k - 2 potions of haste {@q3}
 w - 4 potions of cancellation
 z - 3 potions of mutation {!q}
 G - a potion of lignification {unknown}
 J - a potion of might
 K - a potion of attraction {!q}
 L - a potion of magic {unknown}
 T - a potion of resistance {unknown}

Dungeon Overview and Level Annotations

Branches:
Dungeon (8/15) Zot: 26752  Temple (0/1) D:7
   Lair: D:8-11

Altars:
Ashenzari
Dithmenos
Gozag
Hepliaklqana
Kikubaaqudgha
Nemelex Xobeh
Ru
Sif Muna
Uskayaw
Vehumet
Xom

Shops:
D:4 [

Annotations:
D:7 exclusions: bush and centaur
D:8 Amaemon

##### ##...### ######
##....~~# .#.#.##
##.../.~~##
~~~...####..~♣..~♣~#
~~~~P.#....~~.)o@~♣
≈.~~....♣~~~~~.oWo~P♣
~~~~P..♣~~~~~....~~P♣
P~~....♣~~~~S.~.DP~~♣
~.P...#♣~~~~~P...~~♣♣
♣......♣P~~~~♣...~P♣
.......♣~~~≈PP....~~
....##.♣ ....# ..♣


You could see a wraith, a steam dragon, an orc warrior, an electric eel and 2
orcs.


Message History

You enter the shallow water.
Moving in this stuff is going to be slow.
Unknown command.
You barely miss the electric eel.
The electric eel shoots out a bolt of lightning at you!
The bolt of electricity hits the electric eel.
The electric eel completely resists.
The bolt of electricity hits you!
You mangle the electric eel!!
You kill the electric eel!
Unknown command.
The electric eel shoots out a bolt of lightning at you!
The bolt of electricity hits you.
The electric eel shoots out a bolt of lightning at you!
The bolt of electricity hits you!
Unknown command.
You mangle the electric eel!!
You kill the electric eel!
You can now pass through a line of other dancers.
You enter the shallow water.
Moving in this stuff is going to be slow.
You can no longer pass through a line of other dancers.
You enter the shallow water.
Moving in this stuff is going to be slow.
An electric eel comes into view.
Danger!
The electric eel shoots out a bolt of lightning at you!
The bolt of electricity hits you.
You hear a shout! x2
An orc comes into view. It is wielding a +0 war axe.
You hear a shout!
A wraith comes into view.
An orc comes into view. It is wielding a +0 club.
An orc warrior and an orc come into view.
The orc warrior is wielding a +1 short sword of venom.
The orc warrior shouts!
Unknown command.
You scratch the electric eel. You closely miss the electric eel.
You barely miss the electric eel.
The electric eel shoots out a bolt of lightning at you!
The bolt of electricity hits you!
You barely miss the electric eel. The orc closely misses you.
You scratch the electric eel.
The electric eel shoots out a bolt of lightning at you!
The bolt of electricity hits you! The wraith hits you!
The wraith drains your vigour!
You feel yourself slow down.
You claw the electric eel! The orc hits you but does no damage.
The electric eel shoots out a bolt of lightning at you!
The bolt of electricity hits you!
The bolt of electricity hits the orc!
The orc dies!
The wraith hits you! The wraith drains your vigour!
You feel as though you will be slow longer.
The wraith hits you. The wraith drains your vigour!
You feel as though you will be slow longer.
The orc barely misses you.
The electric eel shoots out a bolt of lightning at you!
The bolt of electricity hits you!
* * * LOW HITPOINT WARNING * * *
You mangle the electric eel!!
You kill the electric eel!
You block the orc's attack. The wraith hits you.
* * * LOW HITPOINT WARNING * * *
An electric eel comes into view.
Your Invocations skill increases to level 6!
Unknown command.
The orc attacks as you move away! The orc barely misses you.
You enter the shallow water.
Moving in this stuff is going to be slow.
A steam dragon comes into view.
The wraith hits you but does no damage.
The orc warrior hits you with a +1 short sword of venom!
* * * LOW HITPOINT WARNING * * *
You are poisoned.
The wraith hits you.
* * * LOW HITPOINT WARNING * * *
The wraith drains your vigour!
You feel as though you will be slow longer.
You block the orc's attack.
Unknown command.
Unknown command.
Unknown command.
You feel better.
The steam dragon hisses angrily.
The orc warrior hits you with a +1 short sword of venom.
* * * LOW HITPOINT WARNING * * *
The wraith hits you!
* * * LOW HITPOINT WARNING * * *
The wraith drains your vigour!
You feel as though you will be slow longer.
You block the orc's attack.
Okay, then.
You fade into invisibility!
The orc warrior completely misses you. The orc hits you with a +0 club.
* * * LOW HITPOINT WARNING * * *
The orc hits you with a +0 short sword.
* * * LOW HITPOINT WARNING * * *
You block the wraith's attack.
The orc warrior hits you with a +1 short sword of venom!
You die...

Skill      XL: |  1  2  3  4  5  6  7  8  9 |
---------------+----------------------------+-----
Unarmed Combat | 3 4 5 7 10 11 | 11.1
Fighting       | 4 5 |  5.8
Invocations    | 3 6 |  6.0
Dodging        | |  2.4
Shields        | |  2.6

Action                   |  1- 3 |  4- 6 |  7- 9 || total
-------------------------+-------+-------+-------++-------
Melee: Unarmed           |    94 |   103 |   300 ||   497
Throw: Stone             |       |     4 |       ||     4
       Boomerang         |       |     6 |       ||     6
  Use: Potion            |       |     1 |     4 ||     5
       Scroll            |       |       |    21 ||    21
 Stab: Sleeping          |       |     1 |       ||     1
       Paralysed         |       |       |    10 ||    10
Armor: Robe              |    25 |    25 |    69 ||   119
       Skin              |       |       |     1 ||     1
Dodge: Dodged            |    31 |    32 |    85 ||   148
Block: Kite shield       |    34 |    37 |   105 ||   176

Levels and vault maps discovered:
D:1:      psy_arrival_conway, layout_loops_ring,
          dilly_ecumenical_altar_fadedgnrine
D:2:      minmay_wonky_spiral, layout_rooms, basic_altar, corner_web_ring
D:3:      layout_loops_cross, uniq_terence, uniq_sigmund
D:4:      kennysheep_spiral_hall, layout_loops_ring,
          palyth_temple_overflow_mages, mainiacjoe_overflow_paths,
          nicolae_overflow_hallway_of_the_gods, serial_shops,
          nicolae_shop_stone, roderic_roman_lattice,
          nicolae_elevator_lobby_asterisk, uniq_ijyb
D:5:      layout_rooms, serial_bayou_lagoon_a, uniq_pikel
D:6:      layout_basic, nicolae_hepliaklqana_hippocampus,
          kennysheep_big_empty_room
D:7:      layout_rooms, minmay_temple_entry_overgrown, kb_lookout_dungeons_type
D:8:      layout_cave_pools, tso_oasis_becter, lair_entry_dummy, serial_bayou,
          serial_bayou_pond_b, serial_bayou_crossing, serial_bayou_pond_b,
          serial_bayou_lake_a, serial_bayou_ford_a, uniq_gastronok,
          uniq_amaemon, uniq_maurice

Notes
Turn   | Place    | Note
-------+----------+-------------------------------------------
     0 | D:1      | Sobieck the Troll Fighter began the quest for the Orb.
     0 | D:1      | Reached XP level 1. HP: 22/22 MP: 0/0
   112 | D:1      | Reached XP level 2. HP: 29/29 MP: 1/1
   135 | D:1      | Reached skill level 3 in Unarmed Combat
   536 | D:1      | Reached XP level 3. HP: 36/36 MP: 2/2
   640 | D:1      | Found a faded altar of an unknown god.
   864 | D:2      | Found a radiant altar of Vehumet.
  1050 | D:2      | Reached skill level 4 in Unarmed Combat
  1116 | D:2      | You pick up a book of Geomancy and begin reading...
  1116 | D:2      | You add the spells Sandblast, Passwall and Stone Arrow to
                  | your library.
  1227 | D:2      | Reached XP level 4. HP: 44/44 MP: 3/3
  1419 | D:3      | Noticed an ice beast
  1436 | D:3      | Killed an ice beast
  1437 | D:3      | Reached skill level 5 in Unarmed Combat
  1437 | D:3      | Reached XP level 5. HP: 30/50 MP: 4/4
  1717 | D:3      | Noticed Terence
  1738 | D:3      | Killed Terence
  1739 | D:3      | Reached skill level 6 in Unarmed Combat
  1889 | D:3      | Noticed Sigmund
  1928 | D:3      | HP: 5/50 [something (10)]
  1928 | D:3      | HP: 2/50 [orc priest/nerve-wracking pain (3)]
  1933 | D:3      | Killed Sigmund
  1933 | D:3      | HP: 5/50 [orc priest/+0 hand axe (5)]
  1934 | D:3      | Reached skill level 7 in Unarmed Combat
  1934 | D:3      | Reached XP level 6. HP: 6/59 MP: 5/5
  2171 | D:4      | Noticed Ijyb
  2176 | D:4      | Paralysed by Ijyb for 5 turns
  2182 | D:4      | Killed Ijyb
  2227 | D:4      | Reached XP level 7. HP: 46/66 MP: 6/6
  2506 | D:4      | Reached skill level 8 in Unarmed Combat
  2537 | D:4      | Found a shimmering altar of Xom.
  2866 | D:4      | Found a hide-covered altar of Uskayaw.
  2869 | D:4      | Found an opulent altar of Gozag.
  2873 | D:4      | Became a worshipper of Uskayaw the Reveller
  2880 | D:4      | Found a broken altar of Ashenzari.
  2883 | D:4      | Found a shadowy altar of Dithmenos.
  2885 | D:4      | Found a sacrificial altar of Ru.
  2891 | D:4      | Found a sparkling altar of Nemelex Xobeh.
  3071 | D:4      | Found Oxogh's Armour Shop.
  3110 | D:4      | Reached * piety under Uskayaw
  3112 | D:4      | Reached ** piety under Uskayaw
  3116 | D:4      | Reached *** piety under Uskayaw
  3122 | D:4      | Found an ancient bone altar of Kikubaaqudgha.
  3129 | D:4      | Got Kikubaaqudgha's Incunabulum of Black Arts
  3137 | D:4      | Found a shimmering blue altar of Sif Muna.
  3146 | D:4      | Found a radiant altar of Vehumet.
  3383 | D:5      | Entered Level 5 of the Dungeon
  3696 | D:5      | Reached skill level 9 in Unarmed Combat
  3702 | D:5      | Reached **** piety under Uskayaw
  3762 | D:5      | Noticed Pikel
  3771 | D:5      | HP: 15/66 [Pikel/+2 whip of electrocution (8)]
  3774 | D:5      | Killed Pikel
  3775 | D:5      | Reached skill level 10 in Unarmed Combat
  3775 | D:5      | Reached skill level 4 in Fighting
  3775 | D:5      | Reached XP level 8. HP: 13/78 MP: 7/7
  3828 | D:5      | Reached skill level 1 in Invocations
  4010 | D:5      | You pick up a book of Dangerous Friends and begin
                  | reading...
  4010 | D:5      | You add the spells Summon Guardian Golem, Orb of
                  | Destruction and Spellforged Servitor to your library.
  4341 | D:6      | Reached skill level 2 in Invocations
  4588 | D:6      | You pick up a book of Vapours and begin reading...
  4588 | D:6      | You add the spells Poisonous Vapours and Corpse Rot to your
                  | library.
  4668 | D:6      | Found a hazy altar of Hepliaklqana.
  4785 | D:6      | Reached skill level 5 in Fighting
  4785 | D:6      | Reached skill level 3 in Invocations
  4785 | D:6      | Reached XP level 9. HP: 78/88 MP: 10/10
  4815 | D:6      | You add the spells Dazzling Flash, Conjure Ball Lightning
                  | and Chain Lightning to your library.
  4815 | D:6      | Got the Exposition on Weather and Concussion
  5474 | D:6      | HP: 20/82 [wight/+3 spear of freezing (6)]
  5479 | D:6      | Reached skill level 4 in Invocations
  5610 | D:7      | HP: 20/87 [centaur/arrow (8)]
  5838 | D:7      | Reached skill level 5 in Invocations
  5884 | D:6      | HP: 21/88 [gnoll/+0 flail[a gnoll bouda] (8)]
  6243 | D:7      | Found a staircase to the Ecumenical Temple.
  6360 | D:8      | Noticed Maurice
  6383 | D:8      | Killed Maurice
  6420 | D:8      | Noticed an orange demon
  6421 | D:8      | Noticed Amaemon
  6434 | D:7      | Reached skill level 11 in Unarmed Combat
  6596 | D:8      | Reached skill level 6 in Invocations
  6596 | D:8      | HP: 12/87 [orc warrior/+1 short sword of venom (15)]
  6597 | D:8      | HP: 3/87 [wraith (11)]
  6598 | D:8      | Mangled by an orc warrior

Vanquished Creatures
  Pikel (D:5)
  Maurice (D:8)
  Sigmund (D:3)
  2 water moccasins (D:7)
  2 ice beasts
  A sky beast (D:6)
  A black bear (D:7)
  4 lemures
  A phantom (D:6)
  A kobold brigand (D:5)
  A bullfrog (D:7)
  3 necrophages
  11 wights
  2 scorpions
  3 electric eels (D:8)
  A howler monkey (D:6)
  A gnoll bouda (D:7)
  4 jellies
  5 orc priests
  4 hounds
  3 iguanas
  Ijyb (D:4)
  Terence (D:3)
  6 orc wizards
  13 gnolls
  5 adders
  A shadow imp (D:7)
  2 white imps
  3 worms
  2 dart slugs
  22 orcs
  11 endoplasms
  3 giant cockroaches
  9 goblins
  10 hobgoblins
  4 jackals (D:1)
  2 quokkas
  2 ball pythons
  4 bats
  3 frilled lizards
  6 kobolds
  2 rats
165 creatures vanquished.

Vanquished Creatures (others)
  An orc (D:8)
  6 plants
7 creatures vanquished.

Grand Total: 172 creatures vanquished

Table legend:
 A = Non-vault XP
 B = Vault XP
 C = Vault XP percentage of total XP
 D = Non-vault monster count
 E = Vault monster count
 F = Vault count percentage of total count
                 A         B        C        D         E       F
            +---------+---------+-------+---------+---------+-------
      Total |    3710 |    1653 |  30.8 |     143 |      18 |  11.2
            +---------+---------+-------+---------+---------+-------
        D:1 |      44 |       0 |   0.0 |      23 |       0 |   0.0
        D:2 |      54 |       8 |  12.9 |      15 |       5 |  25.0
        D:3 |     242 |     259 |  51.7 |      16 |       2 |  11.1
        D:4 |     300 |     150 |  33.3 |      21 |       8 |  27.6
        D:5 |     468 |     617 |  56.9 |      12 |       1 |   7.7
        D:6 |     974 |       0 |   0.0 |      22 |       0 |   0.0
        D:7 |    1465 |     147 |   9.1 |      31 |       1 |   3.1
        D:8 |     163 |     472 |  74.3 |       3 |       1 |  25.0
            +---------+---------+-------+---------+---------+-------

Illustrated notes

Table legend:
 A = Kills in this place as a percentage of kills in entire the game.
 B = Kills by you in this place as a percentage of kills by you in the entire game.
 C = Kills by friends in this place as a percentage of kills by friends in the entire game.
 D = Other kills in this place as a percentage of other kills in the entire game.
 E = Experience gained in this place as a percentage of experience gained in the entire game.
 F = Experience gained in this place divided by the number of levels of this place that you have seen.
                   A       B       C       D       E      F
               +-------+-------+-------+-------+-------+----------------------
         Total | 100.0 | 100.0 |   N/A |   N/A | 100.0 | 670.4
       Dungeon | 100.0 | 100.0 |   N/A |   N/A | 100.0 | 670.4
               +-------+-------+-------+-------+-------+----------------------

Table legend: (Time is in decaauts)
 A = Elapsed time spent in this place.
 B = Non-inter-level travel time spent in this place.
 C = Inter-level travel time spent in this place.
 D = Time resting spent in this place.
 E = Time spent auto-exploring this place.
 F = Levels seen in this place.
 G = Mean time per level.
                   A        B        C        D        E       F      G
               +--------+--------+--------+--------+--------+-----+--------+
         Total |   6627 |   6328 |    299 |    519 |   4451 |   8 |  828.4 |
       Dungeon |   6627 |   6328 |    299 |    519 |   4451 |   8 |  828.4 |
               +--------+--------+--------+--------+--------+-----+--------+

Top non-repeatable levels by time:
     D:6: 1347 daAuts
     D:4: 1276 daAuts
     D:7: 896 daAuts
     D:1: 864 daAuts
     D:3: 832 daAuts
     D:5: 825 daAuts
     D:2: 489 daAuts
     D:8: 96 daAuts
